 Dungeon Crawl Stone Soup version 0.31-a0-196-g86fe4a5e66 (webtiles) character file.

Game seed: 4930875669743605964

507 Dylgear the Chopper (level 7, -7/55 HPs)
             Began as a Formicid Fighter on June 25, 2023.
             Was an Initiate of Wu Jian.
             Mangled by an ice beast (14 damage)
             ... on level 5 of the Dungeon.
             The game lasted 00:08:34 (3675 turns).

Dylgear the Chopper (Formicid Fighter)              Turns: 3675, Time: 00:08:35

Health: -7/55      AC: 10    Str: 20    XL:     7   Next: 42%
Magic:  7/7        EV:  9    Int:  8    God:    Wu Jian [......]
Gold:   357        SH:  5    Dex: 15    Spells: 6/6 levels left

rFire   + . .        a - +0 war axe (chaos)
rCold   . . .        c - +0 buckler
rNeg    . . .        b - +0 scale mail
rPois   .            (helmet unavailable)
rElec   .            j - scarf {+Inv}
rCorr   .            g - +0 pair of gloves
SInv    +            n - +1 pair of boots
Will    .....        (no amulet) Stlth
                     m - ring of protection from fire
HPRegen 0.29/turn    (no ring)
MPRegen 0.10/turn

%: no passive effects
@: lethally poisoned (-7 -> -8)
A: permanent stasis, dig shafts and tunnels, antennae 3, four strong arms
a: Dig, Shaft Self, Renounce Religion, Evoke Invisibility


You were on level 5 of the Dungeon.
You worshipped Wu Jian.
Wu Jian was noncommittal.
You visited 2 branches of the dungeon, and saw 6 of its levels.

You collected 357 gold pieces.

Inventory:

Hand Weapons
 a - a +0 war axe of chaos (weapon)
 f - a +1 mace of protection
Missiles
 l - a throwing net
Armour
 b - a +0 scale mail (worn)
 c - a +0 buckler (worn)
 g - a +0 pair of gloves (worn)
 j - a scarf of invisibility (worn)
 n - a +1 pair of boots (worn)
Jewellery
 h - an amulet of magic regeneration
 m - a ring of protection from fire (left hand)
Wands
 d - a wand of mindburst (16)
Scrolls
 e - a scroll of identify
 i - a scroll of amnesia {unknown}
 k - a scroll of acquirement {unknown}
Potions
 p - 2 potions of lignification


   Skills:
 + Level 4.4 Fighting
 * Level 5.7 Axes
 * Level 4.6 Armour
 + Level 0.7 Dodging
 + Level 0.1 Stealth
 * Level 5.2 Shields
 + Level 0.1 Evocations


You had 6 spell levels left.
You didn't know any spells.
Your spell library contained the following spells:

 Spells                   Type           Power      Damage    Failure   Level
 Cigotuvi's Dreadful Rot  Necr/Pois/Air  0%         N/A       91%         2
 Ignite Poison            Fire/Tmut/Pois 0%         N/A       99%         3
 Freezing Cloud           Conj/Ice/Air   0%         6-21      100%        5


Dungeon Overview and Level Annotations

Branches:
Dungeon (5/15)             Temple (1/1) D:5

Altars:
Ashenzari
Cheibriados
Dithmenos
Elyvilon
Fedhas
Gozag
Kikubaaqudgha
Makhleb
Nemelex Xobeh
Okawaru
Qazlal
Ru
Sif Muna
Trog
Uskayaw
Vehumet
Wu Jian
Xom
Yredelemnul
The Shining One


Innate Abilities, Weirdness & Mutations

You cannot be hasted, slowed, berserked, paralysed or teleported.
You can dig through walls and to a lower floor.
You have a pair of large antennae on your head. (SInv)
Your four strong arms can wield two-handed weapons with a shield.


Message History

The scorpion poisons you!
You slash the scorpion!
You kill the scorpion!
The Council accepts your kill.
You hit the ice beast.
You feel very sick.
The ice beast hits you but does no damage. x2
You hit the ice beast but do no damage.
The ice beast is lightly wounded.
You feel very sick.
The ice beast hits you but does no damage.
You barely miss the ice beast.
The ice beast is lightly wounded.
You feel sick.
The ice beast hits you but does no damage.
You hit the ice beast.
You melt the ice beast.
The ice beast is moderately wounded.
You feel sick.
The ice beast hits you but does no damage.
You barely miss the ice beast.
The ice beast is moderately wounded.
You feel sick. The ice beast hits you. The ice beast freezes you!
You are too injured to fight recklessly!
Unknown command.
You are too injured to fight recklessly!
Unknown command.
You are too injured to fight recklessly!
You are too injured to fight recklessly!
Unknown command.
You slash the ice beast!
You melt the ice beast.
The ice beast is almost dead.
You feel sick. The ice beast hits you. The ice beast freezes you!
* * * LOW HITPOINT WARNING * * *
The ice beast hits you but does no damage.
You closely miss the ice beast.
The ice beast is almost dead.
You feel sick. The ice beast hits you.
* * * LOW HITPOINT WARNING * * *
The ice beast freezes you!
You die...

......##.# #......# {
#.###.##.# #.##.#.#
..#......# ###.##.#.#
#.#.#.########........#
..>.#.# #......##...#
#.....# #.##.#.####.#
.#.#### #.#......# ##.#
. #.#####.# ...# #. #@#
.# #### #.....Y†# .#
#.......# #.#..#..#
#.....# #.#...# # ..).#
....##


You could see an ice beast.

Vanquished Creatures
  2 ogres (D:4)
  A scorpion (D:5)
  A hound (D:5)
  Ijyb (D:3)
  2 iguanas
  7 adders
  2 shadow imps (D:5)
  An ufetubus (D:4)
  A worm (D:3)
  A dart slug (D:1)
  5 orcs (D:4)
  7 endoplasms
  3 giant cockroaches
  4 goblins
  7 hobgoblins
  3 jackals (D:1)
  5 quokkas
  13 ball pythons
  3 bats
  6 frilled lizards
  10 kobolds
  2 rats
87 creatures vanquished.

Notes
Turn   | Place    | Note
-------+----------+-------------------------------------------
     0 | D:1      | Dylgear the Formicid Fighter began the quest for the Orb.
     0 | D:1      | Reached XP level 1. HP: 18/18 MP: 1/1
   286 | D:1      | Reached XP level 2. HP: 23/24 MP: 2/2
   828 | D:2      | Reached XP level 3. HP: 26/29 MP: 3/3
  1022 | D:2      | Reached XP level 4. HP: 37/37 MP: 4/4
  1309 | D:2      | Found a shadowy altar of Dithmenos.
  1583 | D:3      | Reached XP level 5. HP: 42/42 MP: 5/5
  2103 | D:3      | Noticed Ijyb
  2108 | D:3      | Killed Ijyb
  2340 | D:4      | Noticed an ogre
  2344 | D:4      | Noticed an ogre
  2353 | D:4      | Killed an ogre
  2354 | D:4      | Reached XP level 6. HP: 13/48 MP: 6/6
  2357 | D:4      | Killed an ogre
  2358 | D:4      | Reached skill level 5 in Axes
  2525 | D:4      | Reached skill level 5 in Shields
  2555 | D:4      | Reached XP level 7. HP: 40/55 MP: 7/7
  2970 | D:5      | Entered Level 5 of the Dungeon
  3034 | D:5      | Found a staircase to the Ecumenical Temple.
  3066 | Temple   | Entered the Ecumenical Temple
  3440 | Temple   | Became a worshipper of the Wu Jian Council
  3675 | D:5      | Mangled by an ice beast

Illustrated notes

Levels and vault maps discovered:
D:1:      minmay_arrival_glassed_features, layout_basic,
          serial_co_window_serial, co_window_paths_a, co_window_paths_b,
          co_window_of_opportunity_a, co_window_paths_a, co_window_paths_a,
          co_window_broadway_c, co_window_broadway_b, co_window_2corner,
          co_window_unsneaky_path_d, co_window_unsneaky_path_a,
          co_window_corner_b, glass_columns_b, glass_columns_c, glass_columns_a
D:2:      layout_rooms, basic_altar
D:3:      layout_loops_ring, dreamdust_wishing_well, uniq_ijyb
D:4:      layout_cave_pools, grunt_ministairs_2, st_stairs_1
D:5:      layout_loops_cross, zin_angel, minmay_temple_entry_mini_moons,
          columned_hall_lemuel, minivault_23
Temple:   compressed_dpeg_triangle_lava_temple

Skill      XL: |  1  2  3  4  5  6 |
---------------+-------------------+-----
Axes           | 3 4 5 |  5.7
Armour         | 4 |  4.6
Fighting       | 4 |  4.4
Shields        | 5 |  5.2
Dodging        | |  0.7
Stealth        | |  0.1
Evocations     | |  0.1

Action                     |  1- 3 |  4- 6 |  7- 9 || total
---------------------------+-------+-------+-------++-------
  Melee: War axe           |    72 |   106 |    41 ||   219
Ability: Lunge             |       |       |     1 ||     1
  Evoke: Wand              |       |     2 |       ||     2
    Use: Scroll            |       |    10 |       ||    10
         Potion            |       |     2 |       ||     2
 Armour: Scale mail        |    47 |    46 |    18 ||   111
  Dodge: Dodged            |    44 |    42 |    14 ||   100
  Block: Buckler           |    24 |    29 |     8 ||    61

Table legend: (Time is in decaauts)
 A = Elapsed time spent in this place.
 B = Non-inter-level travel time spent in this place.
 C = Inter-level travel time spent in this place.
 D = Time resting spent in this place.
 E = Time spent auto-exploring this place.
 F = Levels seen in this place.
 G = Mean time per level.
                   A        B        C        D        E       F      G
               +--------+--------+--------+--------+--------+-----+--------+
         Total |   3752 |   3492 |    260 |    261 |   2428 |   6 |  625.3 |
       Dungeon |   3368 |   3116 |    252 |    261 |   2097 |   5 |  673.6 |
        Temple |    383 |    375 |      8 |      0 |    331 |   1 |  383.0 |
               +--------+--------+--------+--------+--------+-----+--------+

Top non-repeatable levels by time:
     D:1: 866 daAuts
     D:3: 846 daAuts
     D:4: 755 daAuts
     D:2: 630 daAuts
  Temple: 383 daAuts
     D:5: 269 daAuts
